 Dungeon Crawl Stone Soup version 0.31-a0-263-ge8cad7f256 (webtiles) character file.

Game seed: 8138362749404608563

130 dolemite99 the Ruffian (level 5, -1/51 HPs)
             Began as an Octopode Shapeshifter on July 14, 2023.
             Slain by a gnoll
             ... wielding a +0 spear
              (4 damage)
             ... on level 3 of the Dungeon.
             The game lasted 00:02:15 (2892 turns).

dolemite99 the Ruffian (Octopode Shapeshifter)      Turns: 2892, Time: 00:02:16

Health: -1/51      AC: 22    Str: 16    XL:     5   Next: 14%
Magic:  5/5        EV:  2    Int: 11    God:
Gold:   110        SH:  0    Dex: 12    Spells: 4/4 levels left

rFire   . . .        o - +2 dagger (venom)
rCold   . . .        (no shield)
rNeg    . . .        (helmet currently unavailable)
rPois   +            (no amulet)
rElec   .            k - ring of resist corrosion
rCorr   +            (no ring)
SInv    .            (no ring)
Will    +....        (no ring)
Stlth   +            (no ring)
HPRegen 0.28/turn    (no ring)
MPRegen 0.09/turn    (no ring)
                     (no ring)

%: no passive effects
@: brilliant, tree-form, enlightened
A: stationary, stasis, torment immunity, boosted hp, almost no armour,
(amphibious), 8 rings, (camouflage 1), (gelatinous body 1), (nimble swimmer 1),
(tentacles)
a: no special abilities


You were on level 3 of the Dungeon.
You were a tree.
You visited 1 branch of the dungeon, and saw 3 of its levels.

You collected 110 gold pieces.

Inventory:

Hand Weapons
 o - a +2 dagger of venom (weapon)
 s - a +0 sling
Armour
 q - a +2 cloak
Jewellery
 j - a ring of poison resistance
 k - a ring of resist corrosion (left branch)
Talismans
 b - a beast talisman
Wands
 m - a wand of acid (4)
Scrolls
 d - 2 scrolls of vulnerability {unknown}
 e - 2 scrolls of identify {unknown}
 f - a scroll of blinking {unknown}
 g - 2 scrolls of fear {unknown}
 h - a scroll of amnesia {unknown}
 l - 3 scrolls of teleportation {unknown}
 n - a scroll of enchant armour {unknown}
 r - a scroll of fog {unknown}
Potions
 p - a potion of invisibility {unknown}


   Skills:
 - Level 2.0 Fighting
 - Level 2.0 Dodging
 + Level 4.6 Unarmed Combat
 + Level 3.5 Shapeshifting


You had 4 spell levels left.
You didn't know any spells.
Your spell library contained the following spells:

 Spells                   Type           Power      Damage    Failure   Level
 Sandblast                Erth           0%         2d4       34%         1
 Blink                    Tloc           0%         N/A       47%         2
 Ensorcelled Hibernation  Hex/Ice        0%         N/A       47%         2
 Lesser Beckoning         Tloc           0%         N/A       47%         2
 Momentum Strike          Conj/Tloc      0%         3d8       47%         2
 Passwall                 Tmut/Erth      0%         N/A       47%         2
 Stone Arrow              Conj/Erth      0%         3d7       71%         3
 Swiftness                Air            0%         N/A       71%         3


Dungeon Overview and Level Annotations

Branches:
Dungeon (3/15)

Altars:
Xom


Innate Abilities, Weirdness & Mutations

You are a tree.
Your roots penetrate the ground, keeping you stationary.
You cannot be teleported.
You are immune to unholy pain and torment.
Your maximum health is greatly increased.
You cannot wear most types of armour.
((You are amphibious.))
You can wear up to eight rings at the same time.
((Your skin changes colour to match your surroundings (Stealth+).))
((Your rubbery body absorbs attacks. (AC +1, EV +1)))
((You are camouflaged when in or above water. (Stealth+)))
((You have tentacles for arms and can constrict up to eight enemies at once.))


Message History

You hit the hobgoblin.
The hobgoblin is severely wounded.
The hobgoblin hits you but does no damage.
The kobold hits you but does no damage. The gnoll hits you but does no damage.
You barely miss the kobold.
The hobgoblin hits you but does no damage.
The kobold hits you but does no damage. The gnoll barely misses you.
You hit the hobgoblin.
You kill the hobgoblin!
The hobgoblin hits you but does no damage.
The kobold barely misses you.
The gnoll hits you from afar with a +0 spear.
* * * LOW HITPOINT WARNING * * *
You hit the hobgoblin.
The hobgoblin is almost dead.
The kobold hits you but does no damage. The gnoll barely misses you.
The hobgoblin hits you but does no damage.
You closely miss the goblin. The goblin hits you but does no damage.
The goblin hits you with a +0 club.
* * * LOW HITPOINT WARNING * * *
The kobold hits you but does no damage. The gnoll hits you but does no damage.
The hobgoblin hits you but does no damage.
You hit the kobold.
The kobold is poisoned.
The kobold is severely wounded.
You kill the kobold!
The goblin hits you but does no damage. x2; The gnoll barely misses you.
The hobgoblin hits you but does no damage.
It was a potion of enlightenment.
Your roots keep you in place.
The goblin hits you with a +0 club.
* * * LOW HITPOINT WARNING * * *
The hobgoblin barely misses you. The gnoll hits you but does no damage.
The hobgoblin hits you but does no damage.
It was a potion of brilliance.
You feel clever all of a sudden.
The goblin hits you but does no damage. x2
The hobgoblin hits you with a +0 club.
* * * LOW HITPOINT WARNING * * *
The goblin hits you but does no damage.
The gnoll hits you from afar with a +0 spear.
You die...

~~~~~~~≈~....~~≈~~~~~~≈~~~≈~~≈≈~~
≈≈≈≈≈≈≈≈~....~~≈≈≈≈≈≈≈≈~≈≈≈≈≈≈≈≈≈
≈≈≈≈≈≈≈≈~.....~≈≈≈≈≈≈≈≈≈≈≈≈≈≈≈≈≈≈
##########''#####################
#..).#......)#.....## ##.
#....#...)...'......###..
#########..).#########.......#...
.......#......#.gg...........#g..
.......'......'.♣gg..).......'.g.
.......#......#.gg.).........#...
#########....#########)......#...
#)...#.......)......###..
#....#.......#.....## ##.
#################################
≈≈≈≈≈≈≈≈≈≈≈≈≈≈≈≈≈≈≈≈≈≈≈≈≈≈≈≈≈≈≈≈≈
≈≈≈≈≈≈≈≈≈≈≈≈≈≈≈≈≈≈≈≈≈≈≈≈≈≈≈≈≈≈≈≈≈
≈≈≈≈≈≈≈≈≈≈≈≈≈≈≈≈≈≈≈≈≈≈≈≈≈≈≈≈≈≈≈≈≈


You could see a gnoll, 2 hobgoblins and 3 goblins.

Vanquished Creatures
  3 adders (D:2)
  3 gnolls (D:3)
  2 worms (D:2)
  5 orcs (D:3)
  2 ball pythons (D:1)
  3 endoplasms
  11 goblins
  13 hobgoblins
  A bat (D:1)
  4 frilled lizards
  8 kobolds
  7 rats
62 creatures vanquished.

Notes
Turn   | Place    | Note
-------+----------+-------------------------------------------
     0 | D:1      | dolemite99 the Octopode Shapeshifter began the quest for
                  | the Orb.
     0 | D:1      | Reached XP level 1. HP: 14/14 MP: 1/1
   202 | D:1      | Reached XP level 2. HP: 7/19 MP: 2/2
   484 | D:1      | Reached skill level 3 in Unarmed Combat
  1035 | D:2      | Found a shimmering altar of Xom.
  1046 | D:2      | Reached XP level 3. HP: 22/24 MP: 3/3
  1142 | D:2      | Reached skill level 4 in Unarmed Combat
  1419 | D:2      | Reached XP level 4. HP: 22/29 MP: 4/4
  2566 | D:3      | Reached XP level 5. HP: 10/34 MP: 5/5
  2892 | D:3      | Slain by a gnoll

Illustrated notes

Levels and vault maps discovered:
D:1:      lemuel_arrival_broad_hall, layout_basic
D:2:      layout_loops_ring, basic_altar
D:3:      minmay_goblin_kobold_castle, layout_basic

Skill      XL: |  1  2  3 |
---------------+----------+-----
Unarmed Combat | 3 4 |  4.6
Fighting       | |  2.0
Dodging        | |  2.0
Shapeshifting  | |  3.5

Action                     |  1- 3 |  4- 6 || total
---------------------------+-------+-------++-------
  Melee: Unarmed           |    58 |     3 ||    61
         Constrict         |    16 |    16 ||    32
         Tentacles         |    14 |     9 ||    23
         Punch             |     2 |     4 ||     6
         Dagger            |       |    43 ||    43
    Use: Potion            |       |     3 ||     3
   Stab: Sleeping          |     6 |     1 ||     7
 Armour: Skin              |     6 |    22 ||    28
  Dodge: Dodged            |    19 |    38 ||    57

Table legend: (Time is in decaauts)
 A = Elapsed time spent in this place.
 B = Non-inter-level travel time spent in this place.
 C = Inter-level travel time spent in this place.
 D = Time resting spent in this place.
 E = Time spent auto-exploring this place.
 F = Levels seen in this place.
 G = Mean time per level.
                   A        B        C        D        E       F      G
               +--------+--------+--------+--------+--------+-----+--------+
         Total |   2886 |   2808 |     78 |    798 |   1547 |   3 |  962.0 |
       Dungeon |   2886 |   2808 |     78 |    798 |   1547 |   3 |  962.0 |
               +--------+--------+--------+--------+--------+-----+--------+

Top non-repeatable levels by time:
     D:1: 1033 daAuts
     D:3: 998 daAuts
     D:2: 854 daAuts
